 Dungeon Crawl Stone Soup version 0.17.2-1-ge4368a0 (console) character file.

79 Goblin1989 the Insei (level 4, -4/35 HPs)
             Began as a Demonspawn Monk on Nov 20, 2016.
             Was an Initiate of Gozag.
             Killed from afar by an orc wizard (10 damage)
             ... with a magic dart
             ... on level 3 of the Dungeon.
             The game lasted 00:05:10 (2020 turns).

Goblin1989 the Insei (Demonspawn Monk)              Turns: 2020, Time: 00:05:11

Health: -4/35      AC:  9    Str: 13    XL:     4   Next: 17%
Magic:  4/4        EV: 13    Int: 11    God:    Gozag
Gold:   314        SH:  0    Dex: 15    Spells: 0 memorised, 3 levels left

rFire  + . .     SeeInvis .       - Unarmed
rCold  . . .     Clarity  .     a - +0 robe
rNeg   + . .     SustAt   .     (no shield)
rPois  .         Gourm    .     f - +0 helmet
rElec  .         Spirit   .     (no cloak)
rCorr  .         Warding  .     (no gloves)
rMut   .         Stasis   .     (no boots)
MR     .....                    (no amulet)
Stlth  +++.......               c - +4 ring of protection
                                h - ring of positive energy

@: not resistant to hostile enchantments, fairly stealthy
A: thin metallic scales 1, fire resistance 1, nightstalker 1
a: Potion Petition, Call Merchant, Bribe Branch, Renounce Religion


You were on level 3 of the Dungeon.
You worshipped Gozag.
Gozag was noncommittal.
You were hungry.

You visited 1 branch of the dungeon, and saw 3 of its levels.

You collected 314 gold pieces.

Inventory:

Armour
 a - a +0 robe (worn)
 f - a +0 helmet (worn)
Jewellery
 c - a +4 ring of protection (right hand)
 h - a ring of positive energy (left hand)
Scrolls
 d - a scroll of remove curse {unknown}
 e - 5 scrolls of identify {unknown}
 g - a scroll of magic mapping {unknown}
Potions
 j - a potion of degeneration {unknown}
 k - a potion of beneficial mutation {unknown}
Comestibles
 b - 3 bread rations {@e1}
 i - 3 meat rations {@e2}


   Skills:
 - Level 3.0 Fighting
 - Level 2.6 Dodging
 - Level 1.7 Stealth
 + Level 5.2 Unarmed Combat


You had 3 spell levels left.
You didn't know any spells.

Dungeon Overview and Level Annotations

Branches:
Dungeon (3/15)

Altars:
Fedhas
Gozag
Nemelex Xobeh
Okawaru
Qazlal
Trog
Xom
Yredelemnul


Innate Abilities, Weirdness & Mutations

You are partially covered in thin metallic scales (AC +2).
Your flesh is heat resistant.
You are slightly more attuned to the shadows.


Message History

You take 5 damage, and have 11/35 hp.
You hit the orc wizard.
The orc wizard is severely wounded.
The orc wizard barely misses you. The river rat completely misses you.
The orc wizard hits you with a dagger.
* * * LOW HITPOINT WARNING * * *
You take 3 damage, and have 8/35 hp.
You hit the orc wizard.
The orc wizard is almost dead.
The river rat misses you. The orc wizard barely misses you.
The orc wizard gestures at you while chanting.
The magic dart hits you!
* * * LOW HITPOINT WARNING * * *
The river rat bites you.
* * * LOW HITPOINT WARNING * * *
You take 2 damage, and have 6/35 hp.
The orc wizard gestures at you while chanting.
The magic dart hits you!
You die...
Your body crumbles into a pile of gold.

...███ P ♣♣ ♣ ♣.
.§§███ .♣P♣..♣.♣.♣♣.
..██ P
..♣....♣...≈PP.██
..♣PP.. ♣..♣P♣..♣ █
♣..♣>█.♣..♣§.P█ █
♣..██.P.♣§♣█████
█.████r...██.........
█...@...█[██.████████
█.████o.█........█
█..$$.▲........█
█...█...█........█
███ █............█
...██........█
██.███........█ ..
█........█ █........█


You could see an orc wizard and a river rat.

Vanquished Creatures
  2 adders (D:2)
  A worm (D:2)
  3 giant geckos
  3 orcs (D:3)
  2 ball pythons
  2 giant cockroaches
  9 goblins
  3 hobgoblins
  10 jackals
  3 bats
  4 giant newts
  6 kobolds
  A rat (D:1)
49 creatures vanquished.

Notes
Turn   | Place    | Note
--------------------------------------------------------------
     0 | D:1      | Goblin1989 the Demonspawn Monk began the quest for the Orb.
     0 | D:1      | Reached XP level 1. HP: 18/18 MP: 1/1
   222 | D:1      | Reached skill level 4 in Unarmed Combat
   230 | D:1      | Gained mutation: Your flesh is heat resistant. [demonic ancestry]
   230 | D:1      | Reached XP level 2. HP: 21/24 MP: 2/2
  1048 | D:2      | Found a shimmering altar of Xom.
  1048 | D:2      | Found an opulent altar of Gozag.
  1048 | D:2      | Found a sparkling altar of Nemelex Xobeh.
  1048 | D:2      | Found a blossoming altar of Fedhas.
  1048 | D:2      | Found a bloodstained altar of Trog.
  1073 | D:2      | Gained mutation: You are slightly more attuned to the shadows. [demonic ancestry]
  1073 | D:2      | Reached XP level 3. HP: 6/29 MP: 3/3
  1091 | D:2      | Became a worshipper of Gozag Ym Sagoz the Greedy
  1517 | D:2      | Reached skill level 5 in Unarmed Combat
  1752 | D:2      | Found a basalt altar of Yredelemnul.
  1756 | D:2      | Found a stormy altar of Qazlal.
  1769 | D:2      | Gained mutation: You are partially covered in thin metallic scales (AC +2). [demonic ancestry]
  1769 | D:2      | Reached XP level 4. HP: 32/35 MP: 4/4
  1786 | D:2      | Found an iron altar of Okawaru.
  2020 | D:3      | Killed from afar by an orc wizard

Action                   |  1- 3 |  4- 6 || total
-------------------------+-------+-------++-------
Melee: Unarmed           |   162 |    40 ||   202
  Use: Potion            |     1 |       ||     1
 Stab: Sleeping          |     4 |       ||     4
  Eat: Royal jelly       |     1 |       ||     1
       Chunk             |     1 |       ||     1

Vault maps used:
D:1:      dpeg_arrival_rhombus, st_stairs_4
D:2:      lemuel_crystal_altar, okawaru_ov_weapons_minmay,
          nicolae_overflow_hidden_temple, grunt_temple_overflow_open
D:3:      wad_woods_tower, first_bread
